 Dungeon Crawl Stone Soup version 0.27.1-33-g824d729ab1 (webtiles) character file.

Game seed: 12337977825743546486

102 DenSaoPin the Chopper (level 4, -7/39 HPs)
             Began as a Hill Orc Monk on Nov 25, 2021.
             Killed by nerve-wracking pain
             ... invoked by Grinder
              (9 damage)
             ... on level 3 of the Dungeon.
             The game lasted 00:05:39 (3253 turns).

DenSaoPin the Chopper (Hill Orc Monk)               Turns: 3253, Time: 00:05:40

Health: -7/39      AC: 13    Str: 14    XL:     4   Next: 78%
Magic:  4/4        EV:  4    Int: 10    God:
Gold:   73         SH:  0    Dex: 13    Spells: 3/3 levels left

rFire    . . .     SeeInvis .   a - +0 hand axe
rCold    . . .     Faith    .   (no shield)
rNeg     . . .     Spirit   .   h - +0 plate armour
rPois    .         Reflect  .   (no helmet)
rElec    .         Harm     .   (no cloak)
rCorr    .         Rampage  .   (no gloves)
Will     .....                  n - +1 pair of boots {Stlth+}
Stlth    ..........             (no amulet)
HPRegen  0.13/turn              (no ring)
MPRegen  0.09/turn              (no ring)

@: brilliant, attractive
A: no striking features
a: no special abilities


You were on level 3 of the Dungeon.
You visited 1 branch of the dungeon, and saw 3 of its levels.

You collected 73 gold pieces.

Inventory:

Hand Weapons
 a - a +0 hand axe (weapon)
Armour
 b - a +0 robe
 c - a +0 ring mail
 h - a +0 plate armour (worn)
 n - a +1 pair of boots of stealth (worn)
Scrolls
 f - 3 scrolls of identify {unknown}
 g - a scroll of amnesia {unknown}
 i - a scroll of enchant armour {unknown}
 j - a scroll of noise {unknown}
Potions
 d - a potion of attraction
 k - a potion of degeneration {unknown}
 l - a potion of heal wounds {unknown}
 m - 3 potions of curing {unknown}


   Skills:
 - Level 3.6 Fighting
 + Level 5.8 Axes
 + Level 3.1 Armour
 - Level 2.4 Dodging
 - Level 1.5 Stealth


You had 3 spell levels left.
You didn't know any spells.
Your spell library was empty.

Dungeon Overview and Level Annotations

Branches:
Dungeon (3/15)

Altars:

Annotations:
D:3 2 transporters, Grinder; brob1's ghost, amateur DjFE


Message History

You resist with significant effort.
You hit Grinder but do no damage.
Grinder is lightly wounded.
Grinder hits you.
You writhe in agony.
You slash Grinder!
Grinder is moderately wounded.
Grinder hits you.
You hit Grinder but do no damage.
Grinder is moderately wounded.
Grinder barely misses you.
You closely miss Grinder.
Grinder is moderately wounded.
Grinder hits you.
You writhe in agony.
You hit Grinder but do no damage.
Grinder is moderately wounded.
Grinder hits you but does no damage.
You barely miss Grinder.
Grinder is moderately wounded.
Grinder hits you.
You writhe in agony.
You hit Grinder.
Grinder is moderately wounded.
Grinder says, "FISH!"
Grinder hits you but does no damage. Grinder hits you!
* * * LOW HITPOINT WARNING * * *
You writhe in agony.
* * * LOW HITPOINT WARNING * * *
Grinder gestures at you. Pain shoots through your body!
* * * LOW HITPOINT WARNING * * *
Grinder blinks!
It was a potion of attraction.
You feel attractive to monsters. Grinder hits you but does no damage.
It was a potion of brilliance.
You feel clever all of a sudden.
Grinder blinks!
Grinder is pulled toward you! Grinder gestures at you.
Pain shoots through your body!
You die...

.............###
......5.<......#
.######.#.##.#.#
#<#.# # ##.#.#
#..#.# ##.##.#
##...#.# #
#.###....@.##.#
#.............#
#####..5...####
##...#.# #.#
##.##.# #.#
...####.##.# #.#
#..........#####
#.#
.######........#
#.# ########)#
#.# .##


You could see Grinder.

Vanquished Creatures
  4 adders
  2 worms (D:2)
  7 endoplasms
  5 giant cockroaches
  7 goblins
  3 hobgoblins
  4 jackals (D:3)
  8 kobolds
  3 quokkas
  4 ball pythons
  2 bats
  9 rats
58 creatures vanquished.

Notes
Turn   | Place    | Note
-------+----------+-------------------------------------------
     0 | D:1      | DenSaoPin the Hill Orc Monk began the quest for the Orb.
     0 | D:1      | Reached XP level 1. HP: 19/19 MP: 1/1
   280 | D:1      | Reached skill level 1 in Armour
   303 | D:1      | Reached XP level 2. HP: 7/26 MP: 2/2
  1019 | D:1      | Reached XP level 3. HP: 31/31 MP: 3/3
  1277 | D:2      | Reached skill level 5 in Axes
  1943 | D:2      | Reached XP level 4. HP: 33/39 MP: 4/4
  2040 | D:2      | Noticed an ogre
  2164 | D:3      | Noticed Grinder
  2608 | D:3      | Paralysed by Grinder for 2 turns
  3047 | D:3      | Found a transporter.
  3047 | D:3      | Noticed brob1's ghost (amateur DjFE)
  3047 | D:3      | Noticed an ogre
  3049 | D:3      | Identified the +6 great mace "Weewk" {venom, Stlth+}
  3049 | D:3      | Noticed an ogre
  3065 | D:3      | Found a transporter.
  3253 | D:3      | Killed from afar by Grinder

Illustrated notes

Levels and vault maps discovered:
D:1:      matt_arrival_spirals, layout_basic
D:2:      layout_basic, kennysheep_donut, st_stairs_13,
          roderic_cross_of_infinity, eino_tiny_chamber
D:3:      layout_loops_ring, gammafunk_ghost_smash, uniq_grinder

Skill      XL: |  1  2  3  4 |
---------------+-------------+-----
Armour         | 1 2 3 |  3.1
Axes           | 5 |  5.8
Fighting       | |  3.6
Dodging        | |  2.4
Stealth        | |  1.5

Action                   |  1- 3 |  4- 6 || total
-------------------------+-------+-------++-------
Melee: Hand axe          |   163 |   115 ||   278
  Use: Potion            |       |     2 ||     2
 Stab: Sleeping          |     2 |       ||     2
Armor: Ring mail         |    24 |       ||    24
       Plate armour      |    59 |    76 ||   135
Dodge: Dodged            |    47 |    29 ||    76
